 Dungeon Crawl Stone Soup version 0.19-a0-867-g949743d (webtiles) character file.

68 Gagarin the Firebug (level 3, -3/27 HPs)
             Began as a Demigod Fire Elementalist on July 3, 2016.
             Killed from afar by an orc wizard (14 damage)
             ... with a puff of flame
             ... on level 3 of the Dungeon.
             The game lasted 00:09:46 (2255 turns).

Gagarin the Firebug (Demigod Fire Elementalist)     Turns: 2255, Time: 00:09:47

Health: -3/27      AC:  2    Str: 11    XL:     3   Next: 73%
Magic:  2/9        EV: 13    Int: 21    God:
Gold:   126        SH:  0    Dex: 16    Spells: 2 memorised, 2 levels left

rFire  . . .     SeeInvis .     f - +0 dagger
rCold  . . .     Gourm    .     a - +0 robe
rNeg   . . .     Faith    .     (no shield)
rPois  +         Spirit   .     (no helmet)
rElec  .         Dismiss  .     (no cloak)
rCorr  .         Reflect  .     (no gloves)
SustAt +         Harm     .     (no boots)
MR     .....                    (no amulet)
Stlth  +.........               m - +1 ring of slaying
                                l - ring of poison resistance

@: confused, not resistant to hostile enchantments, very unstealthy
A: high mp 1, sustain attributes
a: no special abilities


You were on level 3 of the Dungeon.
You were not hungry.

You visited 1 branch of the dungeon, and saw 3 of its levels.

You collected 126 gold pieces.

Inventory:

Hand Weapons
 f - a +0 dagger (weapon)
Armour
 a - a +0 robe (worn)
Jewellery
 l - a ring of poison resistance (left hand)
 m - a +1 ring of slaying (right hand)
Scrolls
 d - a scroll of teleportation {unknown}
 e - a scroll of remove curse {unknown}
 k - a scroll of fog {unknown}
Potions
 i - 2 potions of heal wounds {unknown}
 j - a potion of brilliance {unknown}
 o - 2 potions of mutation {unknown}
Books
 b - a book of Flames

   Spells                             Type                      Level
   a - Flame Tongue                   Conjuration/Fire             1
   b - Throw Flame                    Conjuration/Fire             2
   c - Conjure Flame                  Conjuration/Fire             3
   d - Inner Flame                    Hexes/Fire                   3
   e - Sticky Flame                   Conjuration/Fire             4
   f - Fireball                       Conjuration/Fire             5
Comestibles
 c - 2 bread rations
 g - 2 meat rations
 h - a royal jelly
 n - 3 chunks of flesh


   Skills:
 + Level 0.3 Fighting
 + Level 2.2 Dodging
 + Level 2.1 Stealth
 + Level 2.2 Spellcasting
 + Level 1.6 Conjurations
 + Level 3.2 Fire Magic


You had 2 spell levels left.
You knew the following spells:

 Your Spells              Type           Power        Failure   Level  Hunger
a - Flame Tongue          Conj/Fire      ##...        6%          1    #......
b - Conjure Flame         Conj/Fire      ##......     17%         3    ###....


Dungeon Overview and Level Annotations

Branches:
Dungeon (3/15)


Innate Abilities, Weirdness & Mutations

You have an increased reservoir of magic. (+10% MP)
Your attributes are resistant to harm.


Message History

Put on which piece of jewellery? (? for menu, Esc to quit)
m - a +1 ring of slaying (right hand)
You hear some strange, mumbled words.
A puff of flame appears from out of thin air!
The puff of flame hits you!
You are confused.
You bump into the rock wall.
You bump into the rock wall.
You're too confused to move!
You bump into the rock wall.
You hear some strange, mumbled words.
You are more confused.
You bump into the rock wall.
Something hits you but does no damage.
You bump into the rock wall.
The orc completely misses you. Something hits you.
You hit the orc but do no damage.
You hear some strange, mumbled words.
A puff of flame appears from out of thin air!
The puff of flame hits you!
Ouch! That really hurt!
You die...

#######l####
#.....).....
##.####.....
#l# ##.
##o####
#..@..#
#####.#
#...#.#
#...#.#
#.#.#.#
#.#.#.#
#.#<#.#
#.###.#
#.....#


You could see an orc and a giant newt.

Vanquished Creatures
  A gnoll (D:1)
  A worm (D:2)
  A dart slug (D:2)
  2 giant geckos
  An orc (D:3)
  4 bats (D:1)
  2 giant cockroaches (D:1)
  9 goblins
  6 hobgoblins
  10 kobolds
  A ball python (D:1)
  5 giant newts
  3 rats
46 creatures vanquished.

Notes
Turn   | Place    | Note
-------+----------+-------------------------------------------
     0 | D:1      | Gagarin the Demigod Fire Elementalist began the quest for the Orb.
     0 | D:1      | Reached XP level 1. HP: 14/14 MP: 5/5
   142 | D:1      | Reached XP level 2. HP: 18/20 MP: 0/7
   188 | D:1      | Reached skill level 3 in Fire Magic
   189 | D:1      | HP: 1/20 [giant newt (3)]
   536 | D:1      | Reached skill level 1 in Conjurations
   830 | D:1      | Reached XP level 3. HP: 8/27 MP: 3/8
  1038 | D:1      | Learned a level 3 spell: Conjure Flame
  1871 | D:2      | Found a bloodstained altar of Trog.
  2255 | D:3      | Killed from afar by an orc wizard

Vault maps used:
D:1:      dpeg_arrival_houses_and_road, minmay_tetromino_l4
D:2:      minmay_door_path, lightli_temple_of_fire
D:3:      first_bread

Skill      XL: |  1  2  3 |
---------------+----------+-----
Dodging        | 2 |  2.2
Spellcasting   | 2 |  2.2
Fire Magic     | 3 |  3.2
Conjurations   | 1 |  1.6
Stealth        | 2 |  2.1
Fighting       | |  0.3

Action                   || total
-------------------------++-------
Melee: Unarmed           ||     5
       Club              ||    10
       Dagger            ||    16
 Cast: Flame Tongue      ||    67
       Conjure Flame     ||     3
  Use: Potion            ||     1
 Stab: Sleeping          ||     1
  Eat: Chunk             ||     5
Armor: Robe              ||     7
Dodge: Dodged            ||    38
